 Dungeon Crawl Stone Soup version 0.26-a0-682-g294304f6e8 (webtiles) character file.

Game seed: 5822011912043389673

30975 Decritt the Cleaver (level 13, -1/114 HPs)
             Began as a Minotaur Fighter on Oct 21, 2020.
             Was the Champion of Okawaru.
             Slain by a cane toad (4 damage)
             ... while petrified by a basilisk
             ... on level 3 of the Lair of Beasts.
             The game lasted 00:44:27 (14275 turns).

Decritt the Cleaver (Minotaur Fighter)             Turns: 14275, Time: 00:44:28

Health: -1/114     AC: 29    Str: 30    XL:     13   Next: 23%
Magic:  11/12      EV:  2    Int: 10    God:    Okawaru [******]
Gold:   1109       SH:  0    Dex: 11    Spells: 12/12 levels left

rFire    + . .     SeeInvis .   a - +9 broad axe of Doom {flame, *Rage Int+5 Stlth+}
rCold    x . .     Faith    .   c - +0 kite shield
rNeg     + + +     Spirit   .   z - +0 plate armour
rPois    ∞         Reflect  .   (helmet restricted)
rElec    .         Harm     .   b - +1 cloak
rCorr    .         Rampage  .   j - +2 pair of gloves {Dex+3}
MR       .....     Rnd*Rage +   t - +2 pair of boots
Stlth    ..........             (no amulet)
HPRegen  0.29/turn              q - ring of poison resistance
MPRegen  0.13/turn              J - ring "Kopejuicu" {Fire Str+6 Dex-4 Slay+6}

@: petrified, heroism, berserk cooldown, slowed
A: retaliatory headbutt, horns 2
a: Heroism, Finesse, Renounce Religion


You were on level 3 of the Lair of Beasts.
You worshipped Okawaru.
Okawaru was exalted by your worship.
You visited 3 branches of the dungeon, and saw 17 of its levels.

You collected 1109 gold pieces.

Inventory:

Hand Weapons
 a - the +9 broad axe of Doom (weapon) {flame, *Rage Int+5 Stlth+}
   (Okawaru gifted it to you on level 4 of the Lair of Beasts)

   It has been specially enchanted to burn those struck by it, causing extra
   injury to most foes and up to half again as much damage against particularly
   susceptible opponents.
   Big, fiery blades are also staple armaments of hydra-hunters.
   It affects your intelligence (+5).
   It may make you go berserk in combat.
   It makes you more stealthy.
 F - a +9 vampiric broad axe
Missiles
 E - 7 silver boomerangs (quivered)
Armour
 b - a +1 cloak (worn)
 c - a +0 kite shield (worn)
 j - a +2 pair of gloves of dexterity (worn)
 t - a +2 pair of boots (worn)
 z - a +0 plate armour (worn)
Jewellery
 i - an uncursed ring of protection from fire
 q - a ring of poison resistance (left hand)
 w - an uncursed ring of flight
 J - a ring "Kopejuicu" (right hand) {Fire Str+6 Dex-4 Slay+6}
   (You found it on level 8 of the Dungeon)

   [ring of fire]

   It enhances your fire magic.
   It affects your strength (+6).
   It affects your dexterity (-4).
   It affects your accuracy and damage with ranged weapons and melee attacks
   (+6).
   It protects you from fire.
   It makes you vulnerable to cold.
Wands
 g - a wand of enslavement (7)
 G - a wand of digging (12)
Scrolls
 f - 2 scrolls of vulnerability
 h - 4 scrolls of teleportation
 l - 3 scrolls of blinking
 u - a scroll of amnesia
 v - 2 scrolls of remove curse
 x - a scroll of enchant armour
 y - 2 scrolls of immolation
 A - a scroll of summoning {unknown}
 C - 3 scrolls of magic mapping
 D - a scroll of brand weapon {unknown}
 H - a scroll of silence {unknown}
 I - 3 scrolls of fear
 K - a scroll of fog {unknown}
Potions
 d - 5 potions of might
 e - 2 potions of ambrosia
 k - a potion of berserk rage
 n - 2 potions of invisibility
 o - 7 potions of mutation
 s - 6 potions of haste
 B - 7 potions of curing
 M - a potion of heal wounds


   Skills:
 + Level 10.6(15.6) Fighting
 * Level 14.4(19.4) Axes
 + Level 14.3(19.3) Armour
 + Level 14.4(19.4) Shields


You had 12 spell levels left.
You didn't know any spells.
Your spell library contained the following spells:

 Spells                   Type           Power        Failure   Level
 Animate Skeleton         Necr           #.....       85%         1
 Apportation              Tloc           #.....       85%         1
 Corona                   Hex            #......      85%         1
 Shock                    Conj/Air       #...         85%         1
 Sting                    Tmut/Pois      #...         85%         1
 Summon Small Mammal      Summ           #...         85%         1
 Poisonous Vapours        Pois/Air       #.....       94%         2
 Swiftness                Air            #.......     94%         2
 Ignite Poison            Fire/Tmut/Pois #.......     99%         3
 Mephitic Cloud           Conj/Pois/Air  #.......     99%         3
 Static Discharge         Conj/Air       #.......     99%         3
 Airstrike                Air            #.........   100%        4
 Olgreb's Toxic Radiance  Pois           #.......     100%        4
 Lightning Bolt           Conj/Air       #.........   100%        5


Dungeon Overview and Level Annotations

Branches:
Dungeon (12/15)            Temple (1/1) D:6            Lair (4/6) D:11
 Shoals (0/4) Lair:4       Spider (0/4) Lair:2          Orc (0/2) D:10

Altars:
Dithmenos
Elyvilon
Gozag
Kikubaaqudgha
Okawaru
Qazlal
Ru
Sif Muna
Wu Jian
Zin
The Shining One

Shops:
D:6 [   D:9 *   D:10 *   D:11 *

Annotations:
D:6 3 runed translucent doors, lilly's ghost, novice MiMo
D:8 2 transporters, delverTC's ghost, novice DDDe


Innate Abilities, Weirdness & Mutations

You reflexively headbutt those who attack you in melee.
You have a pair of horns on your head.


Message History

The killer bee stings you.
* * * LOW HITPOINT WARNING * * *
The meliai hits you but does no damage.
The meliai stings you but does no damage.
The death yak gores you but does no damage.
The basilisk bites you but does no damage.
The cane toad stings you but does no damage.
The killer bee stings you but does no damage.
The meliai hits you with a +0 war axe.
* * * LOW HITPOINT WARNING * * *
The meliai stings you but does no damage.
The killer bee barely misses you. The meliai hits you with a +0 war axe.
* * * LOW HITPOINT WARNING * * *
The meliai stings you!
* * * LOW HITPOINT WARNING * * *
The death yak gores you but does no damage.
The basilisk bites you.
* * * LOW HITPOINT WARNING * * *
The cane toad stings you!
You die...

.................................
.................................
##...............................
####.............................
#...##..#P##..[............... ##
#...#########....##.#######... .#
#..#............###########... ##
#..##......##ly..###...#.#P... #
#..##......##@F...../......... #
#............Yy..##........... #
##.<..#.P#####...#####..#.##... #
#P..###PP####....##.###.###....
###......P...............+###....
.)...............................
###.##.#.#.#.#######.#######.###.
# #########.## ### ### ## # ###


You could see a death yak, a cane toad, a basilisk, a meliai and a killer bee.

Vanquished Creatures
  A sphinx (D:10)
  2 hydras
  A boulder beetle (D:11)
  3 two-headed ogres
  Sonja (Lair:2)
  A lindwurm (Lair:1)
  2 ugly things (D:11)
  An oklob plant (Lair:2)
  A cyclops (D:11)
  A manticore (D:10)
  9 elephants
  Joseph (D:9)
  A centaur skeleton (D:12)
  4 cane toads
  2 rime drakes (Lair:4)
  6 komodo dragons
  3 jumping spiders (Lair:2)
  2 meliai (Lair:4)
  A hornet (D:11)
  2 trolls (D:11)
  A polar bear (Lair:4)
  A snapping turtle (Lair:4)
  3 wyverns
  A shadow (D:10)
  26 yaks
  2 basilisks
  2 steam dragons
  An acid dragon (D:10)
  6 water moccasins
  6 black bears (Lair:2)
  3 sky beasts
  A swamp drake (D:11)
  4 ice beasts
  8 orc warriors
  2 necrophages
  A phantom (D:9)
  7 ogres
  14 wolves (Lair:2)
  6 centaurs
  A big kobold (D:10)
  6 bullfrogs
  Blork the orc (D:6)
  18 killer bees
  4 scorpions
  3 wights (D:6)
  A howler monkey (D:6)
  4 electric eels (Lair:1)
  A bullfrog zombie (D:12)
  A bullfrog skeleton (D:3)
  5 hounds
  14 orc wizards
  6 orc priests
  4 jellies
  Ijyb (D:3)
  An iguana (D:8)
  7 hell rats (Lair:3)
  11 worker ants
  A killer bee zombie (D:5)
  2 hound zombies
  2 worker ant zombies
  6 adders
  6 gnolls (D:10)
  2 howler monkey skeletons
  3 shadow imps
  4 white imps
  An adder zombie (D:7)
  2 adder skeletons
  3 worms
  A dart slug (D:2)
  3 leopard geckos
  66 orcs
  4 ball pythons
  5 bats
  6 giant cockroaches
  9 goblins
  4 hobgoblins
  4 jackals
  13 kobolds
  6 quokkas
  3 frilled lizards
  A leopard gecko skeleton (D:7)
  2 quokka zombies
  5 rats
393 creatures vanquished.

Vanquished Creatures (others)
  7 fungi
  36 plants
43 creatures vanquished.

Grand Total: 436 creatures vanquished

Notes
Turn   | Place    | Note
-------+----------+-------------------------------------------
     0 | D:1      | Decritt the Minotaur Fighter began the quest for the Orb.
     0 | D:1      | Reached XP level 1. HP: 19/19 MP: 0/0
   304 | D:1      | Reached XP level 2. HP: 26/26 MP: 1/1
   829 | D:2      | Reached XP level 3. HP: 31/31 MP: 2/2
  1360 | D:2      | Reached skill level 5 in Axes
  1741 | D:3      | Reached XP level 4. HP: 34/39 MP: 3/3
  1975 | D:3      | Noticed Ijyb
  2178 | D:3      | Killed Ijyb
  2178 | D:3      | Reached XP level 5. HP: 40/45 MP: 4/4
  3026 | D:4      | Noticed an ice beast
  3034 | D:4      | Killed an ice beast
  3034 | D:4      | Reached skill level 5 in Armour
  3034 | D:4      | Reached skill level 5 in Shields
  3034 | D:4      | Reached XP level 6. HP: 19/51 MP: 5/5
  3345 | D:4      | Found a glowing silver altar of Zin.
  3378 | D:4      | Found a sacrificial altar of Ru.
  3378 | D:4      | Found a shadowy altar of Dithmenos.
  3735 | D:5      | Entered Level 5 of the Dungeon
  4068 | D:5      | Reached XP level 7. HP: 58/58 MP: 6/6
  4180 | D:5      | Found a glowing golden altar of the Shining One.
  5074 | D:6      | Found Egheetism's Armour Emporium.
  5102 | D:6      | Found an opulent altar of Gozag.
  5132 | D:6      | Reached XP level 8. HP: 61/67 MP: 7/7
  5189 | D:6      | Found a runed translucent gate.
  5189 | D:6      | Found a runed translucent gate.
  5189 | D:6      | Noticed lilly's ghost (novice MiMo)
  5190 | D:6      | Found a runed translucent gate.
  5351 | D:6      | Reached skill level 5 in Fighting
  5671 | D:6      | Found a staircase to the Ecumenical Temple.
  5791 | Temple   | Entered the Ecumenical Temple
  5873 | Temple   | Became a worshipper of Warmaster Okawaru
  6063 | D:6      | Noticed Blork the orc
  6328 | D:6      | Killed Blork the orc
  6849 | D:7      | Reached * piety under Okawaru
  6891 | D:7      | You fall into a shaft and drop 3 floors!
  6891 | D:10     | Entered Level 10 of the Dungeon
  7110 | D:9      | Noticed Joseph
  7125 | D:9      | Killed Joseph
  7125 | D:9      | Reached ** piety under Okawaru
  7125 | D:9      | Reached XP level 9. HP: 48/75 MP: 8/8
  7513 | D:9      | Found Sekhly's General Store.
  7660 | D:8      | Found a transporter.
  7668 | D:8      | Noticed delverTC's ghost (novice DDDe)
  7724 | D:8      | Found a transporter.
  7813 | D:8      | Found a stormy altar of Qazlal.
  7816 | D:8      | Reached *** piety under Okawaru
  8276 | D:8      | Got a flickering granite ring
  8279 | D:8      | Identified a ring "Kopejuicu" {Fire Str+6 Dex-4 Slay+6}
                  | (You found it on level 8 of the Dungeon)
  8330 | D:9      | Noticed a two-headed ogre
  8336 | D:9      | Killed a two-headed ogre
  8336 | D:9      | Reached skill level 10 in Axes
  8336 | D:9      | Reached XP level 10. HP: 61/88 MP: 9/9
  8622 | D:9      | Noticed a two-headed ogre
  8627 | D:9      | Killed a two-headed ogre
  8627 | D:9      | Reached **** piety under Okawaru
  8856 | D:9      | You fall into a shaft and drop 3 floors!
  9074 | D:10     | Found Bani's Assorted Antiques.
  9077 | D:10     | Reached skill level 10 in Shields
  9079 | D:10     | Reached skill level 10 in Armour
  9108 | D:10     | Reached ***** piety under Okawaru
  9395 | D:10     | Found a staircase to the Orcish Mines.
  9452 | D:10     | Noticed a sphinx
  9455 | D:10     | Paralysed by a sphinx for 6 turns
  9470 | D:10     | Paralysed by a sphinx for 5 turns
  9480 | D:10     | Killed a sphinx
  9480 | D:10     | Received a gift from Okawaru
  9480 | D:10     | Reached XP level 11. HP: 57/99 MP: 4/10
 10069 | D:11     | Noticed a green ugly thing
 10076 | D:11     | Killed a green ugly thing
 10076 | D:11     | Reached skill level 10 in Fighting
 10087 | D:11     | Noticed a two-headed ogre
 10098 | D:11     | Killed a two-headed ogre
 10145 | D:11     | Noticed a boulder beetle
 10150 | D:11     | Killed a boulder beetle
 10159 | D:11     | Noticed a brown ugly thing
 10167 | D:11     | Killed a brown ugly thing
 10179 | D:11     | Found Jigaem's Assorted Antiques.
 10415 | D:11     | Received a gift from Okawaru
 10458 | D:11     | Found a staircase to the Lair.
 10505 | Lair:1   | Entered Level 1 of the Lair of Beasts
 11429 | Lair:1   | Noticed a lindwurm
 11450 | Lair:1   | Killed a lindwurm
 11450 | Lair:1   | Reached XP level 12. HP: 103/106 MP: 11/11
 11701 | Lair:2   | Reached ****** piety under Okawaru
 11749 | Lair:2   | Noticed Sonja
 11763 | Lair:2   | Killed Sonja
 11763 | Lair:2   | Received a gift from Okawaru
 12116 | Lair:2   | Found a hole to the Spider Nest.
 12222 | Lair:2   | Noticed a six-headed hydra
 12233 | Lair:2   | Killed an 11-headed hydra
 13402 | Lair:4   | Received a gift from Okawaru
 13403 | Lair:4   | Got a blackened broad axe {god gift}
 13415 | Lair:4   | Identified the +9 broad axe of Doom {flame, *Rage Int+5
                  | Stlth+} (Okawaru gifted it to you on level 4 of the Lair of
                  | Beasts)
 13428 | Lair:4   | Noticed a six-headed hydra
 13434 | Lair:4   | Killed a four-headed hydra
 13441 | Lair:4   | Reached XP level 13. HP: 113/113 MP: 12/12
 13597 | Lair:4   | Found a staircase to the Shoals.
 13812 | Lair:4   | HP: 5/114 [meliai/divine providence (10)]
 13829 | Lair:4   | HP: 2/114 [meliai/divine providence (13)]
 14275 | Lair:3   | HP: 5/114 [meliai/+0 war axe (3)]
 14275 | Lair:3   | Slain by a cane toad

Illustrated notes

Levels and vault maps discovered:
D:1:      dpeg_arrival_houses_and_road, layout_basic
D:2:      cheibrodos_old_hovel, layout_loops_corners
D:3:      layout_loops_corners, uniq_ijyb
D:4:      layout_basic, gammafunk_temple_overflow_wave, lemuel_tele_altar
D:5:      layout_loops_ring, tso_altar
D:6:      layout_gridville, nicolae_gozag_cash_rules_everything_around_me,
          minmay_temple_entry_statues, serial_shops, shop,
          ebering_ghost_rock_garden, uniq_blork_the_orc
D:7:      layout_cave_pools, serial_shops, nicolae_shop_overgrown_old_shop,
          gammafunk_ghost_cemetery
D:8:      layout_loops_ring, basic_altar, gammafunk_ghost_stat_death
D:9:      layout_irregular_city, serial_shops, nicolae_shop_statue_plus,
          uniq_joseph
D:10:     kennysheep_blocky_room, layout_cross, david_orc_4, serial_shops, shop,
          minmay_three_doors
D:11:     layout_rooms, erik_lair_dragon, serial_shops, shop,
          minmay_joined_circles
D:12:     layout_irregular_city, uniq_fannar, uniq_josephine
Temple:   dpeg_five_rooms_temple
Lair:1:   layout_chaotic_city, nicolae_volcano_entry_vermiform, serial_bayou,
          serial_bayou_pond_e, serial_bayou_shore_a, serial_bayou_lake_a,
          serial_bayou_pond_e, serial_bayou_shore_b, st_stairs_12,
          infiniplex_staircase_pool, lemuel_fruit_fields, lemuel_fruit_tree
Lair:2:   layout_gridlike, spider_nest_entry_funnel_web, beast_lair_carwin_11,
          serial_bayou_shore_b, minmay_lair_oklob_chamber,
          infiniplex_staircase_pool_2, grunt_megastairs_4, uniq_sonja
Lair:3:   layout_regular_city
Lair:4:   hangedman_what_comes_after_a, layout_misc_corridors,
          minmay_shoals_entry_hut

Skill      XL: |  1  2  3  4  5  6  7  8  9 10 11 12 |
---------------+-------------------------------------+-----
Axes           | 3 4 5 6 7 10 12 14 | 14.4
Armour         | 4 5 7 9 10 11 14 | 14.3
Shields        | 4 5 6 7 8 9 10 11 14 | 14.4
Fighting       | 4 6 8 9 10 | 10.6

Action                   |  1- 3 |  4- 6 |  7- 9 | 10-12 | 13-15 || total
-------------------------+-------+-------+-------+-------+-------++-------
Melee: War axe           |    85 |    93 |    45 |       |       ||   223
       Headbutt          |    15 |    15 |    50 |    81 |    12 ||   173
       Flail             |       |       |    45 |       |       ||    45
       Broad axe         |       |       |   155 |   362 |    45 ||   562
       Unarmed           |       |       |     6 |       |       ||     6
Throw: Boomerang         |    20 |    49 |       |    35 |    13 ||   117
       Dart              |       |    33 |   178 |    19 |       ||   230
Invok: Heroism           |       |       |       |     1 |     2 ||     3
       Finesse           |       |       |       |     1 |       ||     1
  Use: Scroll            |       |     5 |     7 |    17 |     1 ||    30
       Potion            |       |       |       |     1 |     3 ||     4
Armor: Scale mail        |    11 |       |       |       |       ||    11
       Chain mail        |    36 |    38 |    23 |       |       ||    97
       Plate armour      |       |       |   104 |   185 |   152 ||   441
Dodge: Dodged            |    17 |    12 |    32 |    86 |    51 ||   198
Block: Kite shield       |    42 |    37 |   128 |   188 |    49 ||   444

Table legend: (Time is in decaauts)
 A = Elapsed time spent in this place.
 B = Non-inter-level travel time spent in this place.
 C = Inter-level travel time spent in this place.
 D = Time resting spent in this place.
 E = Time spent auto-exploring this place.
 F = Levels seen in this place.
 G = Mean time per level.
                   A        B        C        D        E       F      G
               +--------+--------+--------+--------+--------+-----+--------+
         Total |  14504 |  14221 |    283 |   1630 |   9849 |  17 |  853.2 |
       Dungeon |  10553 |  10373 |    180 |    826 |   7358 |  12 |  879.4 |
        Temple |    156 |    112 |     44 |      0 |     86 |   1 |  156.0 |
          Lair |   3794 |   3735 |     59 |    804 |   2405 |   4 |  948.5 |
               +--------+--------+--------+--------+--------+-----+--------+

Top non-repeatable levels by time:
     D:6: 1557 daAuts
     D:5: 1418 daAuts
     D:9: 1278 daAuts
  Lair:3: 1248 daAuts
  Lair:1: 1160 daAuts
     D:2: 1128 daAuts
     D:3: 1085 daAuts
     D:4: 979 daAuts
    D:10: 913 daAuts
  Lair:2: 889 daAuts
     D:8: 817 daAuts
    D:11: 641 daAuts
     D:1: 622 daAuts
  Lair:4: 496 daAuts
  Temple: 156 daAuts
